 Dungeon Crawl Stone Soup version 0.27-a0-676-gc1da3516c2 (webtiles) character file.

Game seed: 18047205755453937015

112406 Ijustatesigmund the Demonic Aeon (level 16, -1/131 HPs)
             Began as a Demonspawn Fighter on Mar 17, 2021.
             Was the Champion of Cheibriados.
             Killed by the raging water
             ... invoked by a water nymph
              (36 damage)
             ... on level 3 of the Shoals on Mar 18, 2021.
             The game lasted 00:45:45 (26747 turns).

Ijustatesigmund the Demonic Aeon (DsFi)            Turns: 26747, Time: 00:45:48

Health: -1/131     AC: 42    Str: 35    XL:     16   Next: 11%
Magic:  27/27      EV: 14    Int: 31    God:    Cheibriados [******]
Gold:   2538       SH: 14    Dex: 32    Spells: 13/15 levels left

rFire    . . .     SeeInvis .   a - +4 war axe (venom)
rCold    + . .     Faith    .   c - +0 kite shield {reflect}
rNeg     . . .     Spirit   .   b - +10 plate armour of the Untouchables {Str+3}
rPois    .         Reflect  +   y - +1 hat of Ukhesu {Harm *Slow Will++ Slay+5}
rElec    .         Harm     +   e - +2 cloak
rCorr    +         Rampage  .   N - +2 pair of gloves
Will     +....                  (boots unavailable)
Stlth    ..........             s - amulet of the acrobat
HPRegen  0.31/turn              G - +4 ring of protection
MPRegen  0.20/turn              R - ring "Banleal" {rC+ rCorr Int+4}

@: weak-willed, afraid, spiked, mesmerised, very slow
A: talons 3, iridescent scales 3, ignite blood 3, spiny 2
a: Renounce Religion, Bend Time, Temporal Distortion, Slouch, Step From Time


You were on level 3 of the Shoals.
You worshipped Cheibriados.
Cheibriados was exalted by your worship.
You visited 5 branches of the dungeon, and saw 25 of its levels.
You also visited: Volcano.

You collected 2851 gold pieces.
You spent 313 gold pieces at shops.

Inventory:

Hand Weapons
 a - a +4 war axe of venom (weapon)
 O - the +5 trident "Wocodiq" {drain, rC+ SInv Stlth+}
   (You took it off a spriggan on level 1 of the Lair of Beasts)

   A truly terrible weapon, it drains the life of those it strikes.
   It protects you from cold.
   It lets you see invisible.
   It makes you more stealthy.
 P - a +0 vampiric broad axe
Armour
 b - the +10 plate armour of the Untouchables (worn) {Str+3}
   (You found it on level 1 of the Lair of Beasts)

   It affects your strength (+3).
 c - a +0 kite shield of reflection (worn)
 e - a +2 cloak (worn)
 g - a +2 hat of willpower
 y - the +1 hat of Ukhesu (worn) {Harm *Slow Will++ Slay+5}
   (You bought it in a shop on level 5 of the Dungeon)

   It affects your accuracy and damage with ranged weapons and melee attacks
   (+5).
   It affects your willpower, your defense against some magical effects.
   It may slow you when you take damage.
   It increases damage dealt and taken.
 N - a +2 pair of gloves (worn)
Jewellery
 q - the ring of Ybbempor {Fire rElec}
   (You found it on level 11 of the Dungeon)

   [ring of fire]

   It enhances your fire magic.
   It protects you from fire.
   It makes you vulnerable to cold.
   It insulates you from electricity.
 s - an amulet of the acrobat (around neck)
 w - a +6 ring of strength
 B - an amulet of reflection
 C - a ring of fire
 G - a +4 ring of protection (right hand)
 I - a ring of wizardry
 J - a ring of protection from cold
 K - a ring of magical power
 Q - a ring of flight
 R - the ring "Banleal" (left hand) {rC+ rCorr Int+4}
   (You found it on level 2 of the Lair of Beasts)

   [ring of resist corrosion]

   It affects your intelligence (+4).
   It protects you from cold.
   It provides partial protection from all sources of acid and corrosion.
Wands
 k - a wand of charming (14)
 p - a wand of acid (6)
 r - a wand of flame (57)
 t - a wand of iceblast (13)
 M - a wand of mindburst (18)
Scrolls
 f - 7 scrolls of teleportation
 l - 8 scrolls of amnesia
 n - 5 scrolls of fog
 v - 5 scrolls of immolation
 x - 12 scrolls of identify
 H - 4 scrolls of fear
 L - 2 scrolls of blinking
Potions
 d - 4 potions of might
 h - a potion of invisibility
 i - a potion of cancellation
 j - 6 potions of curing
 m - 3 potions of attraction
 o - 4 potions of lignification
 u - 2 potions of resistance
 A - 2 potions of flight
 E - a potion of heal wounds
 F - 3 potions of brilliance
Miscellaneous
 D - a condenser vane (inert)


   Skills:
 + Level 13.3 Fighting
 + Level 13.0 Axes
 - Level 10.8 Armour
 - Level 6.8 Dodging
 + Level 7.3 Shields
 - Level 10.6 Translocations
 + Level 14.8 Invocations


You had 13 spell levels left.
You knew the following spells:

 Your Spells              Type           Power      Damage    Failure   Level
a - Blink                 Tloc           N/A        N/A       2%          2

Your spell library contained the following spells:

 Spells                   Type           Power      Damage    Failure   Level
 Gell's Gravitas          Tloc           30%        N/A       4%          3
 Animate Skeleton         Necr           0%         N/A       78%         1
 Beastly Appendage        Tmut           0%         N/A       78%         1
 Magic Dart               Conj           0%         1d3       78%         1
 Pain                     Necr           0%         1d4       78%         1
 Summon Small Mammal      Summ           0%         N/A       78%         1
 Iskenderun's Mystic Bla  Conj/Tloc      33%        2d8       83%         4
 Call Imp                 Summ           0%         N/A       89%         2
 Slow                     Hex            0%         N/A       89%         2
 Wereblood                Tmut           0%         N/A       89%         2
 Call Canine Familiar     Summ           0%         N/A       98%         3
 Confusing Touch          Hex            0%         N/A       98%         3
 Conjure Flame            Conj/Fire      0%         6-21      98%         3
 Ignite Poison            Fire/Tmut/Pois 0%         N/A       98%         3
 Mephitic Cloud           Conj/Pois/Air  0%         N/A       98%         3
 Spider Form              Tmut/Pois      0%         N/A       98%         3
 Static Discharge         Conj/Air       0%         N/A       98%         3
 Summon Guardian Golem    Hex/Summ       0%         N/A       98%         3
 Vampiric Draining        Necr           0%         2d6       98%         3
 Animate Dead             Necr           0%         N/A       100%        4
 Cause Fear               Hex            0%         N/A       100%        4
 Ice Form                 Ice/Tmut       0%         N/A       100%        4
 Petrify                  Tmut/Erth      0%         N/A       100%        4
 Summon Ice Beast         Ice/Summ       0%         N/A       100%        4
 Summon Lightning Spire   Summ/Air       0%         N/A       100%        4
 Agony                    Necr           0%         N/A       100%        5
 Blade Hands              Tmut           0%         N/A       100%        5
 Metabolic Englaciation   Hex/Ice        0%         N/A       100%        5
 Silence                  Hex/Air        0%         N/A       100%        5
 Yara's Violent Unravell  Hex/Tmut       0%         3d3       100%        5
 Discord                  Hex            0%         N/A       100%        8


Dungeon Overview and Level Annotations

Branches:
Dungeon (13/15)            Temple (1/1) D:4            Lair (6/6) D:9
 Shoals (3/4) Lair:2        Snake (0/4) Lair:2        Slime (0/5) Lair:6
    Orc (2/2) D:10            Elf (0/3) Orc:2        Vaults (0/5) D:13
Volcano (visited)

Altars:
Ashenzari
Cheibriados
Dithmenos
Elyvilon
Fedhas
Gozag
Hepliaklqana
Kikubaaqudgha
Makhleb
Nemelex Xobeh
Okawaru
Qazlal
Ru
Sif Muna
Trog
Uskayaw
Vehumet
Wu Jian
Xom
Yredelemnul
Zin
The Shining One

Shops:
D:5 [   D:6 *   Orc:2 [(*?   Shoals:1 *

Annotations:
D:7 3 runed translucent doors, 51387's ghost, novice DEAE


Innate Abilities, Weirdness & Mutations

You have claws for feet.
You are completely covered in iridescent scales. (AC +6)
Your demonic aura causes all spilled blood to erupt in flames.
You are mostly covered in sharp spines.


Message History

The water nymph is lightly wounded.
The merfolk closely misses you. The water nymph touches you.
The water nymph drowns you!
The satyr shoots a sling bullet.
The sling bullet hits you.
The faun points at you and mumbles some strange words.
Your willpower is stripped away!
You slash the water nymph! You claw the water nymph.
The water nymph is severely wounded.
You block the merfolk's attack.
The merfolk avatar chants a haunting song.
You are mesmerised by the merfolk avatar!
You block the merfolk siren's attack.
The water nymph is struck by your spines.
The water nymph touches you. The water nymph drowns you!
The water nymph's watery aura covers the stone staircase leading up.
Splash!
You fall into the shallow water.
Moving in this stuff is going to be slow.
The faun shoots a sling bullet.
The sling bullet hits you.
Your unstable footing causes you to fumble your attack.
The merfolk hits you from afar with a +0 trident!
The merfolk siren chants a haunting song.
You resist with some effort.
The water nymph points at you and mumbles some strange words.
The water swirls and strikes you!!
The faun shoots a sling bullet.
The sling bullet hits you but does no damage.
The satyr shoots a sling bullet.
The sling bullet hits you!
You closely miss the water nymph. Your kick misses the water nymph.
The water nymph is severely wounded.
You block the merfolk's attack.
The manticore flicks its tail.
The volley of spikes hits you.
The barbed spikes become lodged in your body.
* * * LOW HITPOINT WARNING * * *
The merfolk avatar chants its luring song.
The merfolk siren is engulfed in a cloud of scalding steam.
The merfolk siren chants a haunting song.
The water nymph gestures at you while chanting.
The water swirls and strikes you!!
You die...

≈≈≈≈≈≈≈≈≈≈≈
≈≈≈≈≈≈≈≈≈≈
..≈≈≈≈≈≈≈≈ ≈
#..(≈≈≈≈≈≈ ≈.≈
##.c≈≈!≈≈≈≈
.≈≈.#.≈(≈≈≈≈≈≈≈
≈≈≈≈.≈≈≈§≈≈≈≈≈≈
≈≈§§.m≈@m§≈≈≈≈≈
≈.....§≈≈≈≈≈≈≈≈
≈≈...(..cm≈≈≈≈≈
≈≈≈..#...≈≈≈...
≈≈≈..##m.$.....
≈≈H. .......≈.
≈≈≈ ...≈...≈≈
≈≈≈ ..c..###.


You could see a merfolk avatar (mesmerising), a satyr (scary), a merfolk, 2
fauns, a manticore, a merfolk siren (mesmerising) and a water nymph (very
poisoned).

Vanquished Creatures
  Rupert (Lair:4)
  Gastronok (D:8)
  Frances (D:12)
  Donald (Shoals:2)
  A dire elephant (Lair:6)
  3 merfolk impalers
  3 shambling mangroves
  6 hydras
  Fannar (Lair:2)
  Harold (D:11)
  A boulder beetle (D:11)
  A catoblepas (Lair:6)
  A merfolk avatar (Shoals:1)
  An ogre mage (D:13)
  3 centaur warriors (D:13)
  An alligator snapping turtle (Shoals:2)
  3 two-headed ogres
  3 orc high priests (Orc:2)
  17 death yaks
  Erica (D:8)
  The ghost of temitten the Covert, a journeyman SpEn of Dithmenos (Lair:1)
  Nergalle (Lair:2)
  A skeletal warrior (D:13)
  An unseen horror (D:9)
  4 sea snakes
  5 lindwurms
  5 orc knights
  An ugly thing (D:13)
  3 oklob plants
  6 fauns
  9 manticores
  13 elephants
  6 orc sorcerers
  2 cyclopes (Orc:2)
  2 merfolk sirens (Shoals:1)
  Maurice (D:11)
  16 cane toads
  4 molten gargoyles (Volcano)
  5 black mambas
  A kobold demonologist (D:12)
  3 rime drakes
  Psyche (D:8)
  A rime drake (shapeshifter) (D:13)
  2 efreet (Volcano)
  7 komodo dragons
  5 trolls
  A queen bee (D:12)
  6 polar bears
  6 hornets
  9 merfolk
  2 wind drakes (Shoals:2)
  Grinder (D:3)
  A snapping turtle (Shoals:1)
  11 dream sheep
  28 blink frogs
  A shadow (D:13)
  A vampire (D:10)
  A tarantella (shapeshifter) (D:13)
  3 spriggans (Lair:1)
  2 water elementals
  2 basilisks
  51 yaks
  2 fire elementals (Volcano)
  Grum (D:11)
  5 wyverns
  3 wargs
  28 water moccasins
  An ice beast (D:8)
  5 sky beasts
  6 black bears
  19 orc warriors
  A necrophage (D:6)
  12 ogres
  A boggart (D:10)
  16 centaurs
  23 wolves
  4 kobold brigands
  12 bullfrogs
  2 earth elementals (Volcano)
  A wyvern zombie (D:13)
  3 wyvern skeletons
  7 scorpions
  20 killer bees
  7 wights
  2 howler monkeys (D:12)
  3 jellies
  A quasit (D:13)
  3 bullfrog zombies
  A gnoll shaman (D:8)
  2 bullfrog skeletons
  5 centaur skeletons
  8 hounds
  16 orc priests
  An iguana (D:10)
  5 worker ants
  24 orc wizards
  2 hound zombies
  2 worker ant zombies
  4 gnolls (D:8)
  16 adders
  A shadow imp (D:6)
  4 white imps
  An ufetubus (D:10)
  An adder skeleton (D:6)
  2 worms (D:3)
  3 dart slugs
  7 leopard geckos
  54 orcs
  A giant cockroach (D:6)
  3 goblins (D:1)
  5 hobgoblins
  7 jackals
  19 kobolds
  2 quokkas
  3 ball pythons
  4 bats
  3 frilled lizards
  A giant cockroach zombie (D:5)
  A leopard gecko skeleton (D:9)
  12 rats
  A spectral orc (D:3)
  6 fire vortices (Volcano)
698 creatures vanquished.

Vanquished Creatures (others)
  An ogre (D:13)
  An orc priest (Orc:2)
  A bush (Lair:6)
  30 fungi
  54 plants
87 creatures vanquished.

Grand Total: 785 creatures vanquished

Notes
Turn   | Place    | Note
-------+----------+-------------------------------------------
     0 | D:1      | Ijustatesigmund the Demonspawn Fighter began the quest for
                  | the Orb.
     0 | D:1      | Reached XP level 1. HP: 18/18 MP: 1/1
   282 | D:1      | Gained mutation: Your demonic aura sometimes causes spilled
                  | blood to erupt in flames [demonic ancestry]
   282 | D:1      | Reached XP level 2. HP: 24/24 MP: 2/2
   753 | D:1      | Found an iron altar of Okawaru.
  1016 | D:2      | Reached skill level 1 in Dodging
  1060 | D:2      | Gained mutation: You are partially covered in iridescent
                  | scales. (AC +2) [demonic ancestry]
  1060 | D:2      | Reached XP level 3. HP: 21/29 MP: 3/3
  1225 | D:2      | Found a blossoming altar of Fedhas.
  1964 | D:3      | Gained mutation: You are partially covered in sharp spines.
                  | [demonic ancestry]
  1964 | D:3      | Reached XP level 4. HP: 35/35 MP: 4/4
  2307 | D:3      | Found a basalt altar of Yredelemnul.
  2482 | D:3      | Noticed Grinder
  2484 | D:3      | Paralysed by Grinder for 3 turns
  2498 | D:3      | Killed Grinder
  2499 | D:3      | Gained mutation: You have sharp toenails. [demonic
                  | ancestry]
  2499 | D:3      | Reached XP level 5. HP: 29/42 MP: 5/5
  2499 | D:3      | Reached XP level 6. HP: 34/48 MP: 6/6
  2946 | D:4      | Found a staircase to the Ecumenical Temple.
  2954 | Temple   | Entered the Ecumenical Temple
  3401 | D:5      | Entered Level 5 of the Dungeon
  3408 | D:5      | Noticed a sky beast
  3423 | D:5      | Killed a sky beast
  3424 | D:5      | Reached skill level 5 in Axes
  3585 | D:5      | Reached XP level 7. HP: 55/55 MP: 7/7
  3904 | D:5      | Reached skill level 5 in Fighting
  4194 | D:5      | Found Rierch's Antique Armour Shoppe.
  4201 | D:5      | Bought a polished hat for 234 gold pieces
  4201 | D:5      | Identified the +1 hat of Ukhesu {Harm *Slow Will++ Slay+5}
                  | (You bought it in a shop on level 5 of the Dungeon)
  4725 | D:6      | Reached XP level 8. HP: 61/63 MP: 8/8
  4808 | D:6      | Found Yfih's General Store.
  4826 | D:6      | Bought a scroll of identify for 28 gold pieces
  5946 | D:7      | Found a shadowy altar of Dithmenos.
  5969 | D:7      | Noticed 51387's ghost (novice DEAE)
  5977 | D:7      | Found a runed translucent gate.
  5977 | D:7      | Found a runed translucent gate.
  5979 | D:7      | Found a runed translucent gate.
  6135 | D:7      | Found an iron altar of Okawaru.
  6135 | D:7      | Found a hazy altar of Hepliaklqana.
  6444 | D:7      | Reached skill level 5 in Armour
  6665 | Temple   | Became a worshipper of Cheibriados the Contemplative
  6781 | D:8      | Noticed Gastronok
  6798 | D:8      | Killed Gastronok
  6799 | D:8      | Reached skill level 5 in Invocations
  6799 | D:8      | Gained mutation: Your demonic aura often causes spilled
                  | blood to erupt in flames [demonic ancestry]
  6799 | D:8      | Reached XP level 9. HP: 9/72 MP: 8/12
  7187 | D:8      | Noticed Psyche
  7196 | D:8      | Killed Psyche
  7457 | D:8      | Gained mutation: Your demonic aura causes all spilled blood
                  | to erupt in flames. [demonic ancestry]
  7457 | D:8      | Reached XP level 10. HP: 80/80 MP: 14/14
  7660 | D:8      | Found a shadowy altar of Dithmenos.
  7661 | D:8      | Noticed Erica
  7670 | D:8      | Killed Erica
  7671 | D:8      | Reached skill level 6 in Invocations
  7679 | D:8      | Reached * piety under Cheibriados
  8193 | D:9      | Killed an unseen horror
  8441 | D:9      | Reached skill level 7 in Invocations
  8441 | D:9      | Found a staircase to the Lair.
  8466 | D:9      | Reached ** piety under Cheibriados
  8817 | D:9      | Found a burning altar of Makhleb.
  9025 | D:10     | Entered Level 10 of the Dungeon
  9034 | D:10     | Reached skill level 8 in Invocations
  9045 | D:10     | Gained mutation: You have razor-sharp toenails. [demonic
                  | ancestry]
  9045 | D:10     | Reached XP level 11. HP: 60/89 MP: 17/17
  9136 | D:10     | Found a staircase to the Orcish Mines.
  9460 | D:10     | Reached *** piety under Cheibriados
 10245 | D:10     | Reached skill level 9 in Invocations
 10248 | D:10     | Reached **** piety under Cheibriados
 10481 | D:11     | Noticed Harold
 10483 | D:11     | Reached skill level 10 in Axes
 10484 | D:11     | Killed Harold
 10503 | D:11     | Noticed a boulder beetle
 10519 | D:11     | Killed a boulder beetle
 10777 | D:11     | Identified the ring of Ybbempor {Fire rElec}
 10917 | D:11     | Noticed a two-headed ogre
 10920 | D:11     | Killed a two-headed ogre
 11081 | D:11     | Noticed Maurice
 11081 | D:11     | Noticed Grum
 11086 | D:11     | Reached skill level 10 in Fighting
 11091 | D:11     | Killed Maurice
 11093 | D:11     | Killed Grum
 11327 | D:12     | Reached skill level 10 in Invocations
 11358 | D:12     | Reached ***** piety under Cheibriados
 11673 | D:12     | Noticed Frances
 11677 | D:12     | Noticed a soul eater
 11681 | D:12     | Killed Frances
 11682 | D:12     | Reached XP level 12. HP: 34/98 MP: 13/19
 12297 | D:13     | Noticed a centaur warrior
 12298 | D:13     | Killed a centaur warrior
 12646 | D:13     | Noticed a centaur warrior
 12651 | D:13     | Killed a centaur warrior
 12652 | D:13     | Reached skill level 11 in Invocations
 12904 | D:13     | Noticed a two-headed ogre
 12907 | D:13     | Killed a two-headed ogre
 12909 | D:13     | Noticed a centaur warrior
 12909 | D:13     | Noticed an ogre mage
 12914 | D:13     | Reached ****** piety under Cheibriados
 12916 | D:13     | Killed an ogre mage
 13387 | D:13     | Killed a centaur warrior
 13395 | D:13     | Gained mutation: You are mostly covered in sharp spines.
                  | [demonic ancestry]
 13395 | D:13     | Reached XP level 13. HP: 106/106 MP: 21/21
 13419 | D:13     | Reached skill level 5 in Shields
 13473 | D:13     | Found a gate to the Vaults.
 13741 | Lair:1   | Entered Level 1 of the Lair of Beasts
 13749 | Lair:1   | Reached skill level 5 in Dodging
 13803 | Lair:1   | Identified the +10 plate armour of the Untouchables {Str+3}
 13899 | Lair:1   | Reached skill level 10 in Armour
 13959 | Lair:1   | Reached skill level 12 in Invocations
 14069 | Lair:1   | Found a runed translucent door.
 14132 | Lair:1   | Identified the +5 trident "Wocodiq" {drain, rC+ SInv
                  | Stlth+}
 14338 | Lair:1   | Noticed temitten's ghost (journeyman SpEn)
 14397 | Lair:1   | Killed temitten's ghost
 15777 | Lair:1   | Identified the Incunabulum of Mutagenic Confrontation
 15886 | Lair:2   | Noticed Nergalle
 15888 | Lair:2   | Found a staircase to the Snake Pit.
 15892 | Lair:2   | Killed Nergalle
 15992 | Lair:2   | Found a staircase to the Shoals.
 15997 | Lair:2   | Noticed Fannar
 16004 | Lair:2   | Killed Fannar
 16032 | Lair:2   | Gained mutation: You have claws for feet. [demonic
                  | ancestry]
 16032 | Lair:2   | Reached XP level 14. HP: 114/114 MP: 23/23
 16067 | Lair:2   | Identified the ring "Banleal" {rC+ rCorr Int+4}
 16709 | Lair:3   | Reached skill level 13 in Invocations
 17281 | Lair:4   | Learned a level 2 spell: Blink
 17296 | Lair:4   | Reached skill level 1 in Translocations
 17537 | Lair:4   | Noticed Rupert
 17543 | Lair:4   | Killed Rupert
 17664 | Lair:4   | Reached skill level 5 in Translocations
 19332 | Lair:6   | Entered Level 6 of the Lair of Beasts
 20159 | Lair:6   | Gained mutation: You are mostly covered in iridescent
                  | scales. (AC +4) [demonic ancestry]
 20159 | Lair:6   | Reached XP level 15. HP: 106/120 MP: 24/24
 20621 | Lair:6   | Reached skill level 10 in Translocations
 21237 | Lair:6   | Found a staircase to the Slime Pits.
 21456 | Orc:1    | Entered Level 1 of the Orcish Mines
 21546 | Orc:1    | Found a dark tunnel.
 21551 | Volcano  | Entered a volcano
 22711 | Orc:2    | Entered Level 2 of the Orcish Mines
 22712 | Orc:2    | Upgraded the game from 0.27-a0-661-gca034ae587 to
                  | 0.27-a0-676-gc1da3516c2
 22911 | Orc:2    | Found a staircase to the Elven Halls.
 22988 | Orc:2    | Reached skill level 14 in Invocations
 23589 | Orc:2    | Found Peomn's General Store.
 23589 | Orc:2    | Found Sigacw's Magic Scroll Shoppe.
 23591 | Orc:2    | Found Ityg Ekeifa's Armour Shop.
 23591 | Orc:2    | Found Muco's Antique Weapon Shoppe.
 23603 | Orc:2    | Bought a scroll of teleportation for 51 gold pieces
 24048 | Shoals:1 | Entered Level 1 of the Shoals
 24108 | Shoals:1 | Found Toefol's General Store.
 25268 | Shoals:2 | Noticed Donald
 25276 | Shoals:2 | Killed Donald
 25809 | Shoals:2 | Gained mutation: You are completely covered in iridescent
                  | scales. (AC +6) [demonic ancestry]
 25809 | Shoals:2 | Reached XP level 16. HP: 67/130 MP: 26/26
 26747 | Shoals:3 | Killed from afar by a water nymph

Illustrated notes

Levels and vault maps discovered:
D:1:      onia_arrival_mini_spirals, layout_loops_ring, chequers_jeans,
          minmay_misc_feat_more_columns, okawaru_ov_weapons_minmay
D:2:      layout_loops_ring, fedhas_altar_fruit_tree
D:3:      layout_loops_ring, yredelemnul_forgotten_temple_becter,
          minmay_between, uniq_grinder
D:4:      layout_basic, temple_doors_e, minmay_strange_pillars
D:5:      layout_basic, serial_shops, shop
D:6:      layout_loops_cross, serial_shops,
          nicolae_shop_temple_entry_statues_fountains, serial_co_window_serial,
          co_window_corner_a, co_window_paths_a, co_window_paths_a,
          co_window_of_opportunity_a, co_window_paths_b, co_window_2corner,
          co_window_broadway_c, co_window_2corner, co_window_of_opportunity_c,
          co_window_paths_c, co_window_sun, co_window_4corner_a,
          glass_columns_b, glass_columns_a, glass_columns_c
D:7:      layout_basic, gammafunk_temple_overflow_statue, basic_altar,
          gammafunk_ghost_split
D:8:      layout_basic, minmay_misc_feat_enclosed,
          nicolae_dithmenos_through_a_glass_darkly, uniq_gastronok, uniq_psyche,
          uniq_erica
D:9:      layout_irregular_city, marbit_many_paths, minmay_lair_entry_grove
D:10:     minmay_the_grid_3x2 [minmay_the_grid_odd_star, minmay_the_grid_expand,
          minmay_the_grid_all_tris, minmay_the_grid_empty, minmay_the_grid_x,
          minmay_the_grid_prize_inner_circle], layout_loops_ring, orc_0_dummy
D:11:     layout_roguey, minmay_misc_feat_diagonals, grunt_decor_junction,
          uniq_harold, uniq_maurice, uniq_grum
D:12:     layout_basic, minmay_tree_intersection, nicolae_wwwww,
          nicolae_looking_at_the_future, uniq_frances
D:13:     layout_basic, hangedman_vaults_entry_quadrant_bands
Temple:   regret_index_temple_mists
Lair:1:   beast_lair_carwin_large_4, layout_chaotic_city,
          ebering_ghost_funeral_grove, minmay_lair_oklob_chamber
Lair:2:   layout_roguey, shoals_dummy_entry, minmay_snake_entry_six_corridors,
          serial_bayou_pond_b, lemuel_fruit_fields, uniq_nergalle, uniq_fannar
Lair:3:   layout_roguey, grunt_megastairs_1, infiniplex_staircase_pool
Lair:4:   layout_regular_city, st_stairs_4, uniq_rupert
Lair:5:   layout_layer_cave, hangedman_lair_unloving_vines
Lair:6:   hangedman_lair_in_review, layout_layer_cave,
          minmay_slime_entry_oklob_enclosed
Shoals:1: layout_shoals, serial_shops, shop
Shoals:2: layout_shoals, uniq_donald
Shoals:3: layout_shoals
Orc:1:    layout_caves, enter_volcano_4
Orc:2:    grunt_orc_tribal_feast, layout_diamond_mine

Skill      XL: |  1  2  3  4  5  6  7  8  9 10 11 12 13 14 15 16 |
---------------+-------------------------------------------------+-----
Axes           | 2 3 4 5 6 8 9 10 11 12 13 | 13.0
Dodging        | 1 2 3 4 6 |  6.8
Fighting       | 4 5 7 9 10 11 12 13 | 13.3
Armour         | 3 4 6 7 9 10 | 10.8
Invocations    | 5 8 10 11 12 13 14 | 14.8
Shields        | 3 4 6 7 |  7.3
Translocations | 9 10 | 10.6

Action                   |  1- 3 |  4- 6 |  7- 9 | 10-12 | 13-15 | 16-18 || total
-------------------------+-------+-------+-------+-------+-------+-------++-------
Melee: War axe           |    90 |    44 |       |    71 |   509 |    30 ||   744
       Hand axe          |       |    21 |   129 |   197 |       |       ||   347
       Kick              |       |     6 |    46 |   141 |   302 |    17 ||   512
       Trident           |       |       |       |       |    63 |       ||    63
Invok: Slouch            |       |       |       |     1 |       |       ||     1
       Step From Time    |       |       |       |       |     1 |       ||     1
Evoke: Wand              |       |       |     2 |     2 |    20 |    13 ||    37
       Condenser vane    |       |       |       |       |     1 |       ||     1
  Use: Scroll            |     8 |     7 |     5 |    10 |     9 |     1 ||    40
       Potion            |       |     1 |     2 |     2 |     1 |     1 ||     7
 Stab: Distracted        |       |       |       |       |     1 |       ||     1
Armor: Scale mail        |    48 |       |       |       |       |       ||    48
       Plate armour      |       |    48 |    44 |   165 |   234 |    29 ||   520
Dodge: Dodged            |    24 |     4 |    11 |    83 |   194 |    37 ||   353
Block: Kite shield       |    53 |    28 |    65 |   242 |   544 |    46 ||   978
       Reflection        |       |       |       |    29 |    17 |    14 ||    60

Table legend: (Time is in decaauts)
 A = Elapsed time spent in this place.
 B = Non-inter-level travel time spent in this place.
 C = Inter-level travel time spent in this place.
 D = Time resting spent in this place.
 E = Time spent auto-exploring this place.
 F = Levels seen in this place.
 G = Mean time per level.
                   A        B        C        D        E       F      G
               +--------+--------+--------+--------+--------+-----+--------+
         Total |  36789 |  34897 |   1892 |   5810 |  25159 |  26 | 1415.0 |
       Dungeon |  16402 |  15400 |   1002 |   1932 |  11740 |  13 | 1261.7 |
        Temple |    190 |    143 |     47 |      0 |    141 |   1 |  190.0 |
          Lair |  12468 |  11930 |    538 |   1734 |   8992 |   6 | 2078.0 |
        Shoals |   4006 |   3864 |    142 |   1276 |   2225 |   3 | 1335.3 |
  Orcish Mines |   2977 |   2816 |    161 |    429 |   1929 |   2 | 1488.5 |
       Volcano |    744 |    744 |      0 |    439 |    131 |   1 |  744.0 |
               +--------+--------+--------+--------+--------+-----+--------+

Top non-repeatable levels by time:
  Lair:6: 3028 daAuts
  Lair:1: 2917 daAuts
Shoals:2: 2378 daAuts
  Lair:5: 2284 daAuts
    D:10: 2009 daAuts
    D:12: 1721 daAuts
   Orc:2: 1716 daAuts
     D:8: 1612 daAuts
Shoals:1: 1606 daAuts
    D:13: 1603 daAuts
  Lair:4: 1567 daAuts
  Lair:2: 1561 daAuts
     D:6: 1522 daAuts
     D:9: 1385 daAuts
    D:11: 1323 daAuts
